 Dungeon Crawl Stone Soup version 0.22.1-1-ga44c0e56f4 (webtiles) character file.

2267 Kaderl the Basher (level 9, -19/67 (68) HPs)
             Began as a Human Monk on Oct 31, 2018.
             Was an Initiate of the Shining One.
             Demolished by a phantasmal warrior (32 damage)
             ... created by the anger of Yredelemnul
             ... on level 7 of the Dungeon.
             The game lasted 00:34:32 (9793 turns).

Kaderl the Basher (Human Monk)                      Turns: 9793, Time: 00:34:32

HP:   -19/67 (68)   AC:  9    Str: 13    XL:     9   Next: 65%
MP:   0/9           EV: 14    Int: 10    God:    the Shining One [......]
Gold: 364           SH:  0    Dex: 18    Spells: 8/8 levels left

rFire    . . .     SeeInvis .   w - +1 flail
rCold    . . .     Gourm    .   (no shield)
rNeg     + . .     Faith    .   l - +0 ring mail
rPois    .         Spirit   +   g - +0 hat
rElec    .         Reflect  .   k - +1 cloak
rCorr    .         Harm     .   n - +0 pair of gloves
MR       .....                  (no boots)
Stlth    +.........             f - amulet of guardian spirit
HPRegen  0.21/turn              d - ring of protection from magic
MPRegen  0.11/turn              B - ring of positive energy

@: vulnerable, glowing, drained
A: no striking features
a: Renounce Religion


You were on level 7 of the Dungeon.
You worshipped the Shining One.
The Shining One was noncommittal.
You were not hungry.

You visited 2 branches of the dungeon, and saw 8 of its levels.
You also visited: Sewer.

You collected 402 gold pieces.
You spent 38 gold pieces at shops.

Inventory:

Hand Weapons
 w - a +1 flail (weapon)
Armour
 g - a +0 hat (worn)
 k - a +1 cloak (worn)
 l - a +0 ring mail (worn)
 n - a +0 pair of gloves (worn)
Jewellery
 d - a ring of protection from magic (left hand)
 f - an amulet of guardian spirit (around neck)
 B - a ring of positive energy (right hand)
Wands
 b - a wand of paralysis (38)
 u - a wand of polymorph (4)
 A - a wand of flame (33)
Scrolls
 h - 4 scrolls of remove curse
 i - 4 scrolls of fog
 s - 4 scrolls of teleportation
 t - 2 scrolls of magic mapping
 y - 2 scrolls of amnesia
Potions
 a - a potion of berserk rage {unknown}
 o - 2 potions of might {unknown}
 p - 2 potions of brilliance {unknown}
 q - 2 potions of heal wounds
 r - 2 potions of magic {unknown}
 v - a potion of resistance {unknown}
 z - 2 potions of ambrosia {unknown}
Comestibles
 c - 8 rations


   Skills:
 + Level 5.6(5.4) Fighting
 + Level 8.2(8.0) Maces & Flails
 + Level 1.0(0.8) Throwing
 + Level 5.5(5.3) Armour
 + Level 5.4(5.2) Dodging
 + Level 4.2(4.1) Stealth
 + Level 0.5(0.3) Invocations
 + Level 0.6(0.5) Evocations


You had 8 spell levels left.
You didn't know any spells.
Your spell library contained the following spells:

 Spells                   Type           Power        Failure   Level  Hunger
 Corona                   Hex            #......      58%         1    ##.....
 Ensorcelled Hibernation  Hex/Ice        #.....       75%         2    ###....
 Confuse                  Hex            #.......     92%         3    ####...
 Dazzling Spray           Conj/Hex       #.....       92%         3    ####...
 Tukima's Dance           Hex            #.......     92%         3    ####...


Dungeon Overview and Level Annotations

Branches:
Dungeon (7/15)             Temple (1/1) D:5

Altars:
Ashenzari
Dithmenos
Elyvilon
Fedhas
Gozag
Hepliaklqana
Kikubaaqudgha
Makhleb
Nemelex Xobeh
Okawaru
Qazlal
Sif Muna
Trog
Uskayaw
Vehumet
Wu Jian
Xom
Yredelemnul
Zin
The Shining One

Shops:
D:4 (   D:5 [

Annotations:
D:7 Pikel


Message History

The phantasmal warrior blinks!
The phantasmal warrior blinks!
The phantasmal warrior blinks!
You hit the wight.
The wight is lightly damaged.
The phantasmal warrior blinks!
The wight closely misses you. The wight hits you with a dagger.
You partially resist.
You feel drained. The wight hits you but does no damage.
The phantasmal warrior blinks!
The phantasmal warrior blinks!
The slave shouts!
You hear a shout!
The phantasmal warrior hits you!!
Your magical defenses are stripped away!
You hear a shout!
The phantasmal warrior hits you!!
* * * LOW HITPOINT WARNING * * *
The phantasmal warrior blinks!
You hit the phantasmal warrior but do no damage.
The phantasmal warrior hits you!!
You die...

...####...##.K8.8..##......###...
........###..8._.8..###....+(...[
#######...##.p8p8..##......####..
# ###..##..8..##......###..).
#...#'...##......## #.###
###.p##.##..#<..## #.# #
##..###..###'## #.# # #.z.#.W##
#.# #.# # #.[.#@### #.# #.# #
###ยง....###.## #.###
##....##...## #.... #..#.#.....#
##### ####.##...#########
#.###.#......... #.......########
#########


You could see a phantasmal warrior.

Vanquished Creatures
  A hippogriff (D:7)
  A hungry ghost (D:7)
  A slave (D:7)
  A necrophage (D:5)
  3 phantoms (D:4)
  2 ogres
  2 centaurs
  A big kobold (D:7)
  3 bullfrogs
  A scorpion (D:7)
  2 howler monkeys (D:6)
  A crimson imp (D:7)
  2 centaur skeletons
  2 hounds
  An orc priest (D:6)
  5 orc wizards
  2 jellies
  A bullfrog skeleton (D:6)
  Terence (D:3)
  An iguana (D:5)
  Natasha (thrice) (D:2)
  A killer bee zombie (D:7)
  A hound skeleton (D:4)
  Robin (D:2)
  A howler monkey skeleton (D:5)
  14 adders
  2 river rats (Sewer)
  A shadow imp (D:7)
  4 oozes
  An adder zombie (D:7)
  An adder skeleton (D:4)
  2 worms
  6 dart slugs
  3 leopard geckos
  12 orcs
  13 ball pythons
  4 giant cockroaches
  15 goblins
  6 hobgoblins
  3 jackals (D:5)
  10 kobolds
  4 quokkas
  6 bats
  8 frilled lizards
  A jackal skeleton (D:4)
  2 quokka skeletons (D:6)
  34 rats
193 creatures vanquished.

Vanquished Creatures (collateral kills)
  A leopard gecko (D:6)
1 creature vanquished.

Vanquished Creatures (others)
  A howler monkey zombie (D:6)
  An adder zombie (D:6)
2 creatures vanquished.

Grand Total: 196 creatures vanquished

Notes
Turn   | Place    | Note
-------+----------+-------------------------------------------
     0 | D:1      | Kaderl the Human Monk began the quest for the Orb.
     0 | D:1      | Reached XP level 1. HP: 18/18 MP: 1/1
   144 | D:1      | Reached XP level 2. HP: 21/24 MP: 2/2
   432 | D:1      | Reached XP level 3. HP: 28/29 MP: 3/3
  1134 | D:2      | Reached XP level 4. HP: 34/35 MP: 4/4
  1192 | D:2      | Noticed Natasha
  1205 | D:2      | Killed Natasha
  1293 | D:2      | Noticed Natasha
  1304 | D:2      | Killed Natasha
  1304 | D:2      | Reached XP level 5. HP: 11/41 MP: 5/5
  1554 | D:2      | Found a blossoming altar of Fedhas.
  1753 | D:2      | Noticed Robin
  1757 | D:2      | Reached skill level 4 in Maces & Flails
  1765 | D:2      | Killed Robin
  1985 | D:2      | Found a burning altar of Makhleb.
  2038 | D:2      | Noticed Natasha
  2054 | D:2      | Killed Natasha
  2054 | D:2      | Reached skill level 1 in Armour
  2452 | D:3      | Found an iron altar of Okawaru.
  2688 | D:3      | Found a hazy altar of Hepliaklqana.
  2772 | D:3      | Noticed Terence
  2799 | D:3      | Killed Terence
  2799 | D:3      | Reached XP level 6. HP: 36/48 MP: 6/6
  2814 | D:3      | Found a glowing drain.
  2826 | Sewer    | Entered a sewer
  3739 | Sewer    | Reached XP level 7. HP: 13/54 MP: 7/7
  3743 | Sewer    | Reached skill level 5 in Maces & Flails
  4350 | D:3      | Found an opulent altar of Gozag.
  5560 | D:4      | Reached XP level 8. HP: 33/61 MP: 5/8
  5606 | D:4      | Found Woppof's Weapon Emporium.
  5614 | D:4      | Bought a +0 flail for 38 gold pieces
  5619 | D:4      | Found a white marble altar of Elyvilon.
  5680 | D:4      | Reached skill level 6 in Maces & Flails
  5774 | D:4      | Found a blossoming altar of Fedhas.
  6104 | D:5      | Entered Level 5 of the Dungeon
  6421 | D:5      | Found a deep blue altar of Sif Muna.
  6844 | D:5      | Found Votie's Armour Boutique.
  6865 | D:5      | Found a staircase to the Ecumenical Temple.
  6966 | Temple   | Entered the Ecumenical Temple
  7289 | Temple   | Became a worshipper of Yredelemnul the Dark
  7289 | Temple   | Reached * piety under Yredelemnul
  7289 | Temple   | Reached ** piety under Yredelemnul
  7556 | D:6      | Reached skill level 1 in Throwing
  7575 | D:6      | Found a glowing silver altar of Zin.
  7575 | D:6      | Noticed an angel
  7605 | D:6      | Found a shadowy altar of Dithmenos.
  7622 | D:6      | Noticed a yak
  7622 | D:6      | Noticed a yak
  7622 | D:6      | Noticed a yak
  7665 | D:6      | Found a radiant altar of Vehumet.
  7855 | D:6      | Found a bloodstained altar of Trog.
  7910 | D:6      | Reached skill level 5 in Fighting
  7910 | D:6      | Reached skill level 7 in Maces & Flails
  7910 | D:6      | Reached XP level 9. HP: 42/67 MP: 7/9
  8250 | D:6      | Found the +3 giant club "Skullcrusher" {speed, Str+7}
  8641 | D:7      | Reached skill level 5 in Armour
  8682 | D:7      | Reached skill level 5 in Dodging
  9068 | D:7      | Found a glowing golden altar of the Shining One.
  9107 | D:7      | Fell from the grace of Yredelemnul
  9107 | D:7      | Became a worshipper of the Shining One
  9173 | D:7      | Reached skill level 8 in Maces & Flails
  9217 | D:7      | Noticed Pikel
  9682 | D:7      | Noticed a hippogriff
  9693 | D:7      | Killed a hippogriff
  9757 | D:7      | Noticed a phantasmal warrior
  9793 | D:7      | Demolished by a phantasmal warrior

Skill      XL: |  1  2  3  4  5  6  7  8  9 |
---------------+----------------------------+-----
Stealth        | 3 4 |  4.2
Maces & Flails | 4 5 7 8 |  8.2
Armour         | 1 2 3 4 5 |  5.5
Fighting       | 4 5 |  5.6
Dodging        | 4 5 |  5.4
Throwing       | 1 |  1.0
Invocations    | |  0.5
Evocations     | |  0.6

Action                   |  1- 3 |  4- 6 |  7- 9 || total
-------------------------+-------+-------+-------++-------
Melee: Mace              |    59 |   341 |   157 ||   557
       Flail             |       |       |   320 ||   320
Throw: Stone             |       |       |    40 ||    40
Invok: Animate Remains   |       |       |     2 ||     2
Evoke: Wand              |       |       |     7 ||     7
  Use: Scroll            |     2 |     7 |     9 ||    18
       Potion            |       |     1 |       ||     1
 Stab: Sleeping          |     7 |     2 |     7 ||    16
  Eat: Ration            |     1 |     2 |     8 ||    11
Armor: Robe              |     5 |       |       ||     5
       Ring mail         |     6 |   202 |   129 ||   337
Dodge: Dodged            |    29 |   378 |   310 ||   717
